 Dungeon Crawl Stone Soup version 0.32-a0-391-gce5c0aab1b (webtiles) character file.

Game seed: 3150116449247375967

2926 seren the Prestidigitator (level 9, -9/68 HPs)
             Began as a Coglin Artificer on Feb 19, 2024.
             Was a Follower of Nemelex Xobeh.
             Mangled by a six-headed hydra (14 damage)
             ... on level 8 of the Dungeon.
             The game lasted 00:19:26 (7543 turns).

seren the Prestidigitator (Coglin Artificer)        Turns: 7543, Time: 00:19:26

Health: -9/68      AC:  9    Str: 12    XL:     9   Next: 79%
Magic:  18/18      EV: 12    Int: 12    God:    Nemelex Xobeh [*.....]
Gold:   343        SH:  5    Dex: 24    Spells: 8/8 levels left

rFire   . . .        y - +1 short sword (freeze) {Zorawar}
rCold   . . .        o - +0 rapier {Margit}
rNeg    . . .        w - +0 scale mail
rPois   .            G - +0 helmet
rElec   .            (no cloak)
rCorr   .            (no gloves)
SInv    .            I - +0 pair of boots
Will    .....        B - amulet of reflection
Stlth   +            h - ring of magical power
HPRegen 0.31/turn    k - +6 ring of dexterity
MPRegen 0.16/turn

%: reflection
@: revved, stiff-legged, very slow
A: off-hand wielding, slow wielding, warmup strikes, warmup strides
a: Renounce Religion, Draw Escape, Draw Destruction, Draw Summoning


You were on level 8 of the Dungeon.
You worshipped Nemelex Xobeh.
Nemelex Xobeh was aware of your devotion.
You visited 2 branches of the dungeon, and saw 9 of its levels.

You collected 343 gold pieces.

Inventory:

Hand Weapons
 l - a +0 dagger {Ana}
 o - a +0 rapier (worn) {Margit}
 v - a +2 heavy flail {Teghnoor}
 y - a +1 short sword of freezing (weapon) {Zorawar}
 H - a +2 scimitar
Missiles
 g - 24 poisoned darts
Armour
 q - a +0 chain mail
 w - a +0 scale mail (worn)
 G - a +0 helmet (worn)
 I - a +0 pair of boots (worn)
Jewellery
 h - a ring of magical power (left grasper)
 k - a +6 ring of dexterity (right grasper)
 m - a ring of fire
 B - an amulet of reflection (around neck)
 F - a ring of ice
Wands
 c - a wand of flame (55) (quivered)
 d - a wand of charming (11)
 e - a wand of iceblast (3)
Scrolls
 a - 3 scrolls of teleportation {!r}
 f - 3 scrolls of revelation
 n - 2 scrolls of fog {unknown}
 p - 2 scrolls of enchant weapon
 r - 4 scrolls of identify
 x - 2 scrolls of fear {unknown}
 C - a scroll of enchant armour {unknown}
 E - a scroll of poison {unknown}
Potions
 b - a potion of ambrosia {unknown}
 i - a potion of enlightenment {unknown}
 j - 2 potions of degeneration {unknown}
 s - 2 potions of curing
 t - a potion of lignification {unknown}
 u - 2 potions of attraction {unknown}
 z - 2 potions of mutation {unknown}
 A - a potion of brilliance {unknown}
 D - 2 potions of heal wounds {unknown}


   Skills:
 + Level 5.4 Fighting
 * Level 6.6 Short Blades
 + Level 5.2 Armour
 + Level 4.8 Dodging
 - Level 2.0 Stealth
 + Level 8.0 Evocations


You had 8 spell levels left.
You didn't know any spells.
Your spell library contained the following spells:

 Spells                   Type           Power      Damage    Failure   Level
 Slow                     Hex            0%         N/A       83%         1
 Confusing Touch          Hex            0%         N/A       99%         3
 Sigil of Binding         Hex            0%         N/A       99%         3
 Vampiric Draining        Necr           0%         2d6       99%         3


Dungeon Overview and Level Annotations

Branches:
Dungeon (8/15)             Temple (1/1) D:5
   Lair: D:8-11

Altars:
Ashenzari
Cheibriados
Dithmenos
Elyvilon
Fedhas
Gozag
Hepliaklqana
Kikubaaqudgha
Makhleb
Nemelex Xobeh
Okawaru
Qazlal
Ru
Sif Muna
Uskayaw
Vehumet
Wu Jian
Xom
Zin
The Shining One

Shops:
D:3 :*:(:   D:4 [

Annotations:
D:5 2 transporters, Goblin1989's ghost, weakling DsDe


Innate Abilities, Weirdness & Mutations

You can wield a second weapon in your off-hand.
It takes a long time for you to wield or remove held weapons.
Your first few attacks do less damage.
Your first movements take longer.


Message History

* * * LOW HITPOINT WARNING * * *
The six-headed hydra bites you.
* * * LOW HITPOINT WARNING * * *
The six-headed hydra bites you!
* * * LOW HITPOINT WARNING * * *
The six-headed hydra bites you!
* * * LOW HITPOINT WARNING * * *
You hit the six-headed hydra with your +0 rapier.
The six-headed hydra is heavily wounded.
You barely miss the six-headed hydra with your +1 short sword of freezing.
A tengu warrior comes into view. It is wielding a +0 great sword.
You hit the six-headed hydra but do no damage.
The six-headed hydra is heavily wounded.
You barely miss the six-headed hydra with your +0 rapier.
The six-headed hydra misses you.
The six-headed hydra completely misses you.
The six-headed hydra bites you!
* * * LOW HITPOINT WARNING * * *
The six-headed hydra barely misses you.
The six-headed hydra bites you but does no damage.
The six-headed hydra bites you.
* * * LOW HITPOINT WARNING * * *
You puncture the six-headed hydra with your +0 rapier!
The six-headed hydra is severely wounded.
You puncture the six-headed hydra with your +1 short sword of freezing!
The six-headed hydra seems to slow down.
You freeze the six-headed hydra.
You barely miss the six-headed hydra with your +0 rapier.
The six-headed hydra is almost dead.
You hit the six-headed hydra with your +1 short sword of freezing.
The six-headed hydra seems to slow down.
You freeze the six-headed hydra.
The six-headed hydra completely misses you.
The six-headed hydra bites you!
* * * LOW HITPOINT WARNING * * *
The six-headed hydra closely misses you.
The six-headed hydra bites you but does no damage.
The six-headed hydra bites you!
You die...
Your body disappears without a glow.

#...# #.... #...#
#... ####..[####.#
. #...........# ..
#...........# ...
#...........# ....
####...##.#.# .....
#...##.#.#Q...#.
####...##.@D.......
#.....#####...##...
#.##### #...# #.#
#..... #.# #.#....#
#.# #........ #.#
#........ #.#
#.####### #.#


You could see a six-headed hydra (slow) and a tengu warrior.

Vanquished Creatures
  Pikel (D:4)
  3 water moccasins
  4 black bears
  A sky beast (D:6)
  2 orc warriors
  2 ice beasts
  2 ogres
  A bullfrog (D:6)
  3 wights
  A howler monkey (D:7)
  A hound (D:5)
  4 jellies
  An orc priest (D:5)
  2 iguanas
  A sleepcap (D:6)
  Natasha (thrice) (D:4)
  Terence (D:2)
  An orc wizard (D:4)
  8 gnolls
  7 adders
  A shadow imp (D:7)
  A white imp (D:6)
  A dart slug (D:3)
  2 ribbon worms (D:3)
  25 orcs
  8 endoplasms
  5 giant cockroaches
  6 goblins
  7 hobgoblins
  4 jackals (D:4)
  8 kobolds
  2 quokkas
  8 ball pythons
  8 bats
  3 frilled lizards
  7 rats
145 creatures vanquished.

Vanquished Creatures (collateral kills)
  A wyvern (shapeshifter) (D:8)
  An adder (D:3)
  A giant cockroach (D:3)
3 creatures vanquished.

Vanquished Creatures (others)
  A troll (D:8)
  A lemure (D:4)
2 creatures vanquished.

Grand Total: 150 creatures vanquished

Notes
Turn   | Place    | Note
-------+----------+-------------------------------------------
     0 | D:1      | seren the Coglin Artificer began the quest for the Orb.
     0 | D:1      | Reached XP level 1. HP: 15/15 MP: 1/1
   181 | D:1      | Reached skill level 1 in Dodging
   184 | D:1      | Reached skill level 1 in Stealth
   185 | D:1      | Reached XP level 2. HP: 12/21 MP: 2/2
   263 | D:1      | Found a faded altar of an unknown god.
   552 | D:1      | Reached XP level 3. HP: 26/26 MP: 3/3
   933 | D:2      | Reached XP level 4. HP: 33/33 MP: 4/4
  1007 | D:2      | Noticed Terence
  1035 | D:2      | Reached skill level 1 in Short Blades
  1238 | D:2      | Killed Terence
  1239 | D:2      | Reached XP level 5. HP: 38/38 MP: 5/5
  1628 | D:3      | Found Raxa's Weapon Boutique.
  1861 | D:3      | Found Sugik's Book Shoppe.
  1896 | D:3      | Reached skill level 5 in Evocations
  1919 | D:3      | Noticed an ogre
  1939 | D:3      | Reached XP level 6. HP: 46/46 MP: 6/6
  2147 | D:3      | Found Vuagint's Book Shoppe.
  2229 | D:3      | Found Tevvel's Book Shop.
  2323 | D:3      | Found Zusoekhlo's Assorted Antiques.
  2718 | D:4      | Found Fyeh's Antique Armour Boutique.
  2889 | D:4      | Noticed Natasha
  2893 | D:4      | Killed Natasha
  2934 | D:4      | Found a hazy altar of Hepliaklqana.
  3047 | D:4      | Noticed Pikel
  3076 | D:4      | Killed Pikel
  3077 | D:4      | Reached skill level 6 in Evocations
  3077 | D:4      | Reached XP level 7. HP: 48/52 MP: 7/7
  3090 | D:4      | Reached XP level 8. HP: 40/60 MP: 8/8
  3436 | D:4      | Noticed Natasha
  3447 | D:4      | Killed Natasha
  3549 | D:4      | Found a radiant altar of Vehumet.
  3766 | D:4      | Noticed Natasha
  3778 | D:4      | Killed Natasha
  3894 | D:5      | Entered Level 5 of the Dungeon
  3989 | D:5      | Found a staircase to the Ecumenical Temple.
  4239 | D:5      | Noticed Goblin1989's ghost (weakling DsDe)
  4240 | D:5      | Found a transporter.
  4246 | D:5      | Found a transporter.
  4487 | Temple   | Entered the Ecumenical Temple
  4503 | Temple   | Became a worshipper of Nemelex Xobeh the Trickster
  5173 | D:6      | Reached skill level 5 in Short Blades
  5299 | D:6      | Reached skill level 7 in Evocations
  5370 | D:6      | Reached XP level 9. HP: 58/66 MP: 9/9
  5791 | D:7      | Reached * piety under Nemelex Xobeh
  6168 | D:7      | Reached skill level 5 in Fighting
  6385 | D:7      | Received a gift from Nemelex Xobeh
  6604 | D:7      | Reached skill level 5 in Armour
  7487 | D:8      | Noticed a polar bear
  7488 | D:8      | Noticed a troll
  7488 | D:8      | Noticed a centaur warrior
  7515 | D:8      | Reached skill level 8 in Evocations
  7535 | D:8      | Noticed a five-headed hydra
  7540 | D:8      | Noticed a tengu warrior
  7543 | D:8      | Mangled by a six-headed hydra

Illustrated notes

Levels and vault maps discovered:
D:1:      dpeg_arrival_concentric_ovals, layout_loops_ring,
          hellmonk_ecumenical_altar_arch_garden, minmay_misc_feat_enclosed
D:2:      layout_rooms, st_stairs_13, uniq_terence
D:3:      wad_crossroads, layout_basic, serial_shops,
          nicolae_book_shop_shelving, shop, nicolae_lakefront_shop,
          nicolae_shop_just_a_little_nook, shop, minivault_14, st_stairs_13
D:4:      layout_loops_corners, vehumet_altar_wand_db,
          nicolae_overflow_crystal_walls, serial_shops, kennysheep_mini,
          uniq_pikel, uniq_natasha
D:5:      layout_basic, minmay_temple_entry_junction_2,
          gammafunk_ghost_mausoleum, serial_rivers,
          chequers_serial_rivers_micro_e, chequers_serial_rivers_micro_e,
          chequers_serial_rivers_small_b, chequers_serial_rivers_room_a,
          chequers_serial_rivers_small_a
D:6:      layout_cave_pools
D:7:      layout_cave_pods, serial_column_ruins, column_ruins_hut_ruined,
          column_ruins_hut, column_ruins_open_small, column_ruins_grid_3,
          column_ruins_grid_3
D:8:      minmay_cut_squares, layout_loops_ring,
          lemuel_mausoleum_altar_yredelemnul, mainiacjoe_overflow_cross_hatched,
          uniq_gastronok
Temple:   hc_temple_tempest_star

Skill      XL: |  1  2  3  4  5  6  7  8  9 |
---------------+----------------------------+-----
Dodging        | 1 2 3 4 |  4.8
Stealth        | 1 2 |  2.0
Armour         | 2 3 4 5 |  5.2
Fighting       | 2 3 4 5 |  5.4
Short Blades   | 1 3 4 5 6 |  6.6
Evocations     | 5 6 7 8 |  8.0

Action                     |  1- 3 |  4- 6 |  7- 9 || total
---------------------------+-------+-------+-------++-------
  Melee: Club              |    37 |       |       ||    37
         Hand axe          |    22 |       |       ||    22
         Dagger            |    25 |   104 |   192 ||   321
         Rapier            |    13 |    98 |   296 ||   407
         Flail             |       |    19 |       ||    19
         Short sword       |       |       |    93 ||    93
  Evoke: Wand              |       |     5 |     3 ||     8
    Use: Scroll            |       |     3 |       ||     3
         Potion            |       |     1 |       ||     1
   Stab: Sleeping          |     2 |       |       ||     2
 Armour: Leather armour    |    42 |       |       ||    42
         Chain mail        |     8 |    18 |       ||    26
         Scale mail        |       |    59 |   173 ||   232
  Dodge: Dodged            |    33 |    50 |   117 ||   200
  Block: Other             |       |       |    39 ||    39
         Reflection        |       |       |     1 ||     1

Table legend: (Time is in decaauts)
 A = Elapsed time spent in this place.
 B = Non-inter-level travel time spent in this place.
 C = Inter-level travel time spent in this place.
 D = Time resting spent in this place.
 E = Time spent auto-exploring this place.
 F = Levels seen in this place.
 G = Mean time per level.
                   A        B        C        D        E       F      G
               +--------+--------+--------+--------+--------+-----+--------+
         Total |   7754 |   7386 |    368 |   1332 |   3939 |   9 |  861.6 |
       Dungeon |   7726 |   7358 |    368 |   1332 |   3939 |   8 |  965.8 |
        Temple |     28 |     28 |      0 |      0 |      0 |   1 |   28.0 |
               +--------+--------+--------+--------+--------+-----+--------+

Top non-repeatable levels by time:
     D:7: 1508 daAuts
     D:4: 1244 daAuts
     D:6: 1118 daAuts
     D:3: 1117 daAuts
     D:5: 926 daAuts
     D:1: 876 daAuts
     D:2: 833 daAuts
     D:8: 100 daAuts
  Temple: 28 daAuts
